 Dungeon Crawl Stone Soup version 0.17-a0-2127-g1cb09f6 (console) character file.

2783 brucemayne the Cleaver (level 9, -5/93 (94) HPs)
             Began as a Demonspawn Berserker on Oct 23, 2015.
             Was a Believer of Trog.
             Slain by a slime creature (7 damage)
             ... on level 12 of the Dungeon.
             The game lasted 00:11:58 (2545 turns).

brucemayne the Cleaver (Demonspawn Berserker)       Turns: 2545, Time: 00:11:58

HP:   -5/93 (94)    AC: 13    Str: 25    XL:     9   Next: 43%
MP:   0/9           EV: 11    Int:  8    God:    Trog [**....]
Gold: 147           SH:  0    Dex: 14    Spells: 0 memorised, 8 levels left

rFire  + . .     SeeInvis .     d - +0 war axe
rCold  . . .     Clarity  +     u - +0 ring mail
rNeg   . . .     SustAt   .     (no shield)
rPois  .         Gourm    .     k - +0 helmet
rElec  .         Spirit   .     (no cloak)
rCorr  .         Warding  .     r - +0 pair of gloves
rMut   .         Stasis   .     (no boots)
MR     .....                    (no amulet)
Stlth  ..........               (no ring)
                                A - ring of flight

@: berserking (expiring), very quick, not resistant to hostile enchantments,
extremely unstealthy
A: iridescent scales 2, clarity, demonic guardian 2, fire resistance 1, flame
cloud immunity
a: Berserk, Trog's Hand, Burn Spellbooks, Renounce Religion, Evoke Flight


You were on level 12 of the Dungeon.
You worshipped Trog.
Trog was pleased with you.
You were hungry.

You visited 2 branches of the dungeon, and saw 13 of its levels.

You collected 147 gold pieces.

Inventory:

Hand Weapons
 a - a +0 hand axe
 d - a +0 war axe (weapon)
 h - a +0 dagger
Missiles
 B - a throwing net (quivered)
Armour
 b - a +0 animal skin
 k - a +0 helmet (worn)
 r - a +0 pair of gloves (worn)
 u - a +0 ring mail (worn)
Jewellery
 A - a ring of flight (left hand)
Wands
 l - a wand of confusion (25)
 t - a wand of draining (1)
Scrolls
 c - a scroll of blinking {unknown}
 e - 2 scrolls of recharging {unknown}
 i - 4 scrolls of identify {unknown}
 o - 2 scrolls of teleportation {unknown}
 p - a scroll of amnesia {unknown}
 q - 5 scrolls of enchant weapon {unknown}
 s - a scroll of fear {unknown}
 w - a scroll of remove curse {unknown}
Potions
 f - a potion of degeneration {unknown}
 m - a potion of agility {unknown}
 n - a potion of mutation {unknown}
 z - a potion of might {unknown}
Books
 y - a book of Callings

   Spells                             Type                      Level
   a - Summon Small Mammal            Summoning                    1
   b - Call Imp                       Summoning                    2
   c - Call Canine Familiar           Summoning                    3
   d - Summon Guardian Golem          Hexes/Summoning              3
   e - Summon Lightning Spire         Summoning/Air                4
   f - Summon Ice Beast               Ice/Summoning                4
   Trog disapproves of the use of such an item.
Comestibles
 g - a beef jerky
 j - 2 slices of pizza
 x - 2 chunks of flesh


   Skills:
 - Level 3.0 Fighting
 + Level 12.0 Axes
 - Level 1.7 Armour
 - Level 1.7 Dodging


You had 8 spell levels left.
You didn't know any spells.

Dungeon Overview and Level Annotations

Branches:
Dungeon (12/15)            Temple (1/1) D:6            Lair (0/8) D:10
    Orc: D:9-12

Altars:
Cheibriados
Dithmenos
Elyvilon
Fedhas
Gozag
Kikubaaqudgha
Nemelex Xobeh
Okawaru
Ru
Sif Muna
Vehumet
Xom
Yredelemnul
Zin
The Shining One

Shops:
D:5 *


Innate Abilities, Weirdness & Mutations

You are mostly covered in iridescent scales (AC +6).
A demonic guardian rushes to your aid.
Your flesh is heat resistant.
You are immune to clouds of flame.
You possess an exceptional clarity of mind.


Message History

The slime creature closely misses you.
You slice the slime creature!!
You kill the slime creature!
Trog accepts your kill.
Your Axes skill increases to level 12!
You hit the eye of draining.
The eye of draining is heavily wounded.
You hit the slime creature.
The slime creature is severely wounded.
The slime creature hits you.
* * * LOW HITPOINT WARNING * * *
The eye of draining gazes at you.
You feel your power leaking away.
Unknown command.
You slash the slime creature!
The slime creature is severely wounded.
You slice the eye of draining!!
The eye of draining is almost dead.
The slime creature hits you!
You die...

#..# #..# . #..#
.. #..# .
...#####..####..
................
................
........@G......
.......<†J......
.......)))......
................
................
................
................
................
...#######.....


You could see a slime creature and an eye of draining.

Vanquished Creatures
  2 slime creatures (D:12)
  A wyvern (D:11)
  A shadow (D:11)
  A sky beast (D:11)
  2 centaurs
  A wyvern zombie (D:7)
  2 killer bees (D:10)
  A wight (D:7)
  A crimson imp (D:10)
  2 giant frog zombies
  A hound (D:7)
  A jelly (D:11)
  3 worker ants
  A worker ant zombie (D:7)
  Robin (D:2)
  A gnoll (D:6)
  5 adders
  An adder skeleton (D:7)
  An orc (D:12)
  10 hobgoblins
  2 kobolds
  A quokka (D:7)
  4 giant cockroaches
  A giant newt (D:6)
  12 goblins
  4 jackals (D:2)
  3 rats (D:2)
66 creatures vanquished.

Vanquished Creatures (collateral kills)
  2 hill giants
  A slime creature (D:12)
  2 deep elf magi (D:11)
  A hungry ghost (D:9)
  A necrophage (D:12)
  A black bear (D:10)
  3 centaurs
  A sky beast (D:7)
  An ogre (D:9)
  A gnoll sergeant (D:10)
  3 wights (D:7)
  A crimson imp (D:5)
  A hound zombie (D:6)
  4 gnolls (D:10)
  2 orcs (D:12)
25 creatures vanquished.

Grand Total: 91 creatures vanquished

Notes
Turn   | Place    | Note
--------------------------------------------------------------
     0 | D:1      | brucemayne the Demonspawn Berserker began the quest for the Orb.
     0 | D:1      | Reached XP level 1. HP: 18/18 MP: 1/1
   133 | D:2      | Gained mutation: Your flesh is heat resistant. [demonic ancestry]
   133 | D:2      | Reached XP level 2. HP: 16/24 MP: 2/2
   204 | D:2      | Noticed Robin
   227 | D:2      | Gained mutation: You are partially covered in iridescent scales (AC +4). [demonic ancestry]
   227 | D:2      | Reached XP level 3. HP: 10/29 MP: 3/3
   231 | D:2      | HP: 2/43 [Robin/club (7)]
   237 | D:2      | Killed Robin
   237 | D:2      | Reached skill level 4 in Axes
   242 | D:2      | HP: 1/29 [goblin/club[Robin] (2)]
   259 | D:2      | Found an opulent altar of Gozag.
   612 | D:2      | Reached ** piety under Trog
   876 | D:2      | Gained mutation: A weak demonic guardian rushes to your aid. [demonic ancestry]
   876 | D:2      | Reached XP level 4. HP: 29/35 MP: 4/4
  1022 | D:5      | Entered Level 5 of the Dungeon
  1049 | D:5      | Found a basalt altar of Yredelemnul.
  1069 | D:5      | Found Galidi Upol's Assorted Antiques.
  1088 | D:5      | Found a sacrificial altar of Ru.
  1164 | D:5      | Reached skill level 5 in Axes
  1179 | D:6      | Found a staircase to the Ecumenical Temple.
  1185 | D:6      | Noticed a centaur
  1194 | D:6      | Killed a centaur
  1194 | D:6      | Reached XP level 5. HP: 24/41 MP: 5/5
  1200 | Temple   | Entered the Ecumenical Temple
  1321 | D:6      | Noticed a centaur
  1341 | D:6      | Killed a centaur
  1341 | D:6      | Reached skill level 6 in Axes
  1341 | D:6      | Gained mutation: A demonic guardian rushes to your aid. [demonic ancestry]
  1341 | D:6      | Reached XP level 6. HP: 19/47 MP: 6/6
  1514 | D:7      | Gained mutation: You possess an exceptional clarity of mind. [mutagenic meat]
  1559 | D:7      | Reached skill level 7 in Axes
  1667 | D:7      | Gained mutation: You are mostly covered in iridescent scales (AC +6). [demonic ancestry]
  1667 | D:7      | Reached XP level 7. HP: 13/52 MP: 7/7
  1790 | D:7      | Reached skill level 8 in Axes
  2028 | D:10     | Entered Level 10 of the Dungeon
  2109 | D:10     | Found a staircase to the Lair.
  2119 | D:10     | Reached skill level 9 in Axes
  2119 | D:10     | Reached XP level 8. HP: 24/58 MP: 8/8
  2319 | D:11     | Noticed a hill giant
  2327 | D:11     | Killed a hill giant
  2327 | D:11     | Reached skill level 10 in Axes
  2471 | D:11     | Reached skill level 11 in Axes
  2471 | D:11     | Gained mutation: You are immune to clouds of flame. [demonic ancestry]
  2471 | D:11     | Reached XP level 9. HP: 59/63 MP: 9/9
  2526 | D:12     | Noticed a hill giant
  2532 | D:12     | Killed a hill giant
  2544 | D:12     | Reached skill level 12 in Axes
  2544 | D:12     | HP: 2/93 [slime creature (6)]
  2545 | D:12     | Slain by a slime creature

Vault maps used:
D:1:      shiori_arrival_maze, dk_noncrumbling_4, minivault_26, grunt_decor_cap
D:2:      nicolae_gozag_seed_capital, uniq_robin
D:3:      nicolae_qazlal_general_emergency, first_bread,
          kennysheep_generic_room_8, uniq_iyjb, uniq_jessica
D:4:      serial_shops, shop
D:5:      nicolae_overflow_hidden_temple, kennysheep_mini, serial_shops, shop,
          shop, nicolae_shop_overgrown_old_shop, nicolae_shop_trees, shop_coins
D:6:      kennysheep_mini_moat, minmay_temple_entry_overgrown, serial_shops,
          shop
D:7:      serial_shops, shop
D:8:      demons_altar, david_nohive_1, uniq_grum
D:9:      bloody_trog
D:10:     lair_0_dummy, david_orc_4, uniq_maurice, uniq_nergalle, uniq_joseph
D:11:     kennysheep_minor_cross, uniq_erolcha
Temple:   circular_temple_12

Action                   |  1- 3 |  4- 6 |  7- 9 || total
-------------------------+-------+-------+-------++-------
Melee: Hand axe          |   177 |   159 |    70 ||   406
       War axe           |       |       |    50 ||    50
Invok: Berserk           |     3 |     2 |     6 ||    11
       Trog's Hand       |     1 |     4 |     4 ||     9
  Use: Potion            |       |     1 |     1 ||     2
 Stab: Distracted        |       |     1 |       ||     1
  Eat: Chunk             |     3 |     6 |     5 ||    14
       Bread ration      |       |       |     1 ||     1
